 Dungeon Crawl Stone Soup version 0.24.1 (webtiles) character file.

Game seed: 9087638593330266470, levelgen mode: deterministic

6764 Peloso the Carver (level 10, 0/90 HPs)
             Began as a Minotaur Fighter on Mar 23, 2020.
             Was an Elder of Okawaru.
             Slain by an unseen horror (7 damage)
             ... on level 10 of the Dungeon.
             The game lasted 00:23:51 (10289 turns).

Peloso the Carver (Minotaur Fighter)               Turns: 10289, Time: 00:23:51

Health: 0/90       AC: 20    Str: 25    XL:     10   Next: 75%
Magic:  8/9        EV: 13    Int:  5    God:    Okawaru [****..]
Gold:   806        SH: 13    Dex: 17    Spells: 9/9 levels left

rFire    . . .     SeeInvis .   a - +5 falchion
rCold    . . .     Gourm    +   c - +0 shield
rNeg     . . .     Faith    .   D - +0 plate armour
rPois    .         Spirit   .   (helmet restricted)
rElec    .         Reflect  .   i - +0 cloak
rCorr    .         Harm     .   r - +2 pair of gloves {Str+3}
MR       .....                  m - +0 pair of boots
Stlth    ..........             q - amulet of the gourmand
HPRegen  0.25/turn              (no ring)
MPRegen  0.11/turn              (no ring)

@: agile, very slightly contaminated, invisible (expiring)
A: retaliatory headbutt, horns 2
a: Heroism, Renounce Religion


You were on level 10 of the Dungeon.
You worshipped Okawaru.
Okawaru was greatly pleased with you.
You were not hungry.

You visited 2 branches of the dungeon, and saw 11 of its levels.
You also visited: Ossuary.

You collected 806 gold pieces.

Inventory:

Hand Weapons
 a - a +5 falchion (weapon)
 b - a +2 dagger of flaming
Armour
 c - a +0 shield (worn)
 i - a +0 cloak (worn)
 m - a +0 pair of boots (worn)
 r - a +2 pair of gloves of strength (worn)
 t - a +0 chain mail
 D - a +0 plate armour (worn)
Jewellery
 q - an amulet of the gourmand (around neck)
 J - an uncursed amulet of the acrobat {unknown}
Wands
 p - a wand of disintegration (3)
 H - a wand of enslavement (7)
 L - a wand of digging (5)
 M - a wand of flame (49)
Scrolls
 g - 3 scrolls of amnesia
 j - a scroll of blinking
 k - 6 scrolls of remove curse
 o - 4 scrolls of magic mapping
 s - 4 scrolls of noise {unknown}
 w - 9 scrolls of identify
 y - 2 scrolls of fear {unknown}
 B - a scroll of enchant armour {unknown}
 C - 4 scrolls of teleportation {unknown}
 F - 2 scrolls of fog {unknown}
 G - 2 scrolls of vulnerability {unknown}
 K - a scroll of brand weapon {unknown}
Potions
 d - 4 potions of might
 e - 2 potions of mutation
 h - 4 potions of flight
 l - 5 potions of brilliance
 n - a potion of cancellation
 u - a potion of heal wounds {unknown}
 v - a potion of invisibility
 x - 3 potions of curing
 z - a potion of ambrosia {unknown}
 A - a potion of agility
 E - 2 potions of berserk rage {unknown}
 I - 2 potions of resistance {unknown}
Comestibles
 f - 19 rations


   Skills:
 + Level 8.9 Fighting
 + Level 11.3 Long Blades
 + Level 9.4 Armour
 + Level 2.5 Dodging
 + Level 0.6 Stealth
 + Level 10.9 Shields
 + Level 1.0 Invocations
 + Level 0.9 Evocations


You had 9 spell levels left.
You didn't know any spells.
Your spell library was empty.

Dungeon Overview and Level Annotations

Branches:
Dungeon (10/15)            Temple (1/1) D:6             Orc (0/2) D:9
Ossuary (visited)
   Lair: D:8-11

Altars:
Ashenzari
Dithmenos
Elyvilon
Fedhas
Gozag
Hepliaklqana
Okawaru
Qazlal
Ru
Uskayaw
Vehumet
Xom
Yredelemnul
Zin
The Shining One
Jiyva

Shops:
D:4 [:(

Annotations:
D:3 3 runed translucent doors, Ebobla's ghost, amateur DECj; Kaiern's ghost, amateur SpEn; hitsuchi's ghost, amateur OgHu
D:5 2 transporters, viiviliisa's ghost, amateur OpAs
D:8 1 runed translucent door, Peloso's ghost, novice MiFi


Innate Abilities, Weirdness & Mutations

You reflexively headbutt those who attack you in melee.
You have a pair of horns on your head.


Message History

Something completely misses you. Something hits you but does no damage.
Something hits you.
* * * LOW HITPOINT WARNING * * *
Something hits you but does no damage. Something barely misses you.
Something hits you but does no damage. You block something's attack.
You hit something. Something hits you.
* * * LOW HITPOINT WARNING * * *
You block something's attack.
You flicker for a moment.
You feel like a meek peon again. Something hits you.
* * * LOW HITPOINT WARNING * * *
Your plate armour prevents you from hitting something.
Something barely misses you. Something hits you!
* * * LOW HITPOINT WARNING * * *
Something hits you but does no damage. Something hits you!
You die...

#..# #..# #..# #..#
#..# #..# #..# #..#
#..# #..# #..# #..#
#..# #..# #..# #..#
#..# #..# #..# #..#
######..####..####..##
#....@...%............
######################


There were no monsters in sight!

Vanquished Creatures
  3 two-headed ogres
  A gargoyle (D:10)
  Prince Ribbit (D:5)
  Grinder (D:4)
  3 hippogriffs
  A wraith (D:10)
  A hungry ghost (D:9)
  Edmund (D:6)
  A hornet zombie (D:9)
  5 orc warriors
  2 black bears
  2 ice beasts (D:10)
  A sky beast (D:7)
  A necrophage (D:9)
  A phantom (D:7)
  2 ogres
  A centaur (D:9)
  2 big kobolds
  4 bullfrogs
  2 scorpions
  5 wights (D:9)
  2 electric eels (D:8)
  A centaur zombie (D:10)
  3 jellies (D:8)
  2 centaur skeletons
  7 orc priests
  A hound (D:6)
  An iguana (D:5)
  8 orc wizards
  A worker ant (D:10)
  8 mummies (Ossuary)
  10 adders
  A howler monkey skeleton (D:6)
  A shadow imp (D:7)
  5 oozes (D:8)
  An adder skeleton (D:4)
  An adder zombie (D:5)
  2 worms
  2 dart slugs
  6 leopard geckos
  40 orcs
  5 bats
  6 giant cockroaches
  8 goblins
  10 hobgoblins
  7 jackals
  A quokka (D:5)
  A ball python (D:5)
  2 frilled lizards (D:2)
  3 hobgoblin zombies (Ossuary)
  21 kobolds
  2 kobold zombies (Ossuary)
  2 leopard gecko zombies
  3 orc zombies (Ossuary)
  3 rats
218 creatures vanquished.

Vanquished Creatures (others)
  A fungus (D:8)
  4 plants (D:8)
5 creatures vanquished.

Grand Total: 223 creatures vanquished

Notes
Turn   | Place    | Note
-------+----------+-------------------------------------------
     0 | D:1      | Peloso the Minotaur Fighter began the quest for the Orb.
     0 | D:1      | Reached XP level 1. HP: 19/19 MP: 0/0
    77 | D:1      | Reached XP level 2. HP: 24/27 MP: 1/1
   758 | D:1      | Found a white marble altar of Elyvilon.
   833 | D:2      | Reached XP level 3. HP: 33/33 MP: 2/2
   871 | D:2      | Reached skill level 3 in Long Blades
  1038 | D:2      | Found an opulent altar of Gozag.
  1143 | D:2      | Found a stormy altar of Qazlal.
  1255 | D:2      | Reached XP level 4. HP: 40/40 MP: 3/3
  1541 | D:3      | Reached skill level 1 in Dodging
  1805 | D:3      | Found a sacrificial altar of Ru.
  1884 | D:3      | Found a runed translucent gate.
  1884 | D:3      | Found a runed translucent gate.
  1884 | D:3      | Found a runed translucent gate.
  1884 | D:3      | Noticed Ebobla's ghost (amateur DECj)
  1884 | D:3      | Noticed hitsuchi's ghost (amateur OgHu)
  1885 | D:3      | Noticed Kaiern's ghost (amateur SpEn)
  2400 | D:4      | Found Vubarghos's Weapon Shoppe.
  2468 | D:4      | Noticed Grinder
  2494 | D:4      | Paralysed by Grinder for 5 turns
  2499 | D:4      | Killed Grinder
  2499 | D:4      | Reached skill level 5 in Fighting
  2499 | D:4      | Reached skill level 4 in Long Blades
  2499 | D:4      | Reached XP level 5. HP: 26/48 MP: 4/4
  2499 | D:4      | Reached XP level 6. HP: 31/56 MP: 5/5
  2647 | D:4      | Found Zeubuf's Armour Emporium.
  2680 | D:4      | Reached skill level 5 in Long Blades
  2808 | D:4      | Reached skill level 5 in Shields
  2880 | D:4      | Found Rudghezo's Book Shop.
  2952 | D:5      | Entered Level 5 of the Dungeon
  2952 | D:5      | Found a shimmering altar of Xom.
  2958 | D:5      | Noticed a hippogriff
  2978 | D:5      | Killed a hippogriff
  2978 | D:5      | Reached skill level 5 in Armour
  3006 | D:5      | Found a transporter.
  3006 | D:5      | Noticed viiviliisa's ghost (amateur OpAs)
  3035 | D:5      | Found a sand-covered staircase.
  3042 | D:5      | Reached XP level 7. HP: 18/61 MP: 6/6
  3254 | Ossuary  | Entered an ossuary
  3441 | Ossuary  | Reached skill level 6 in Long Blades
  3823 | D:4      | Found an opulent altar of Gozag.
  4082 | D:5      | Noticed Prince Ribbit
  4167 | D:5      | Killed Prince Ribbit
  4286 | D:5      | Found a transporter.
  4493 | D:5      | Found a hazy altar of Hepliaklqana.
  4496 | D:5      | Found a hide-covered altar of Uskayaw.
  4498 | D:5      | Found a glowing golden altar of the Shining One.
  4569 | D:5      | Reached XP level 8. HP: 63/70 MP: 7/7
  4902 | D:6      | Reached skill level 7 in Long Blades
  4949 | D:6      | Found a staircase to the Ecumenical Temple.
  5054 | Temple   | Entered the Ecumenical Temple
  5068 | Temple   | Became a worshipper of Warmaster Okawaru
  5249 | D:6      | Noticed Edmund
  5255 | D:6      | Killed Edmund
  5605 | D:7      | Reached skill level 8 in Long Blades
  5718 | D:7      | Noticed a hippogriff
  5731 | D:7      | Killed a hippogriff
  5731 | D:7      | Reached * piety under Okawaru
  5943 | D:7      | Reached XP level 9. HP: 44/78 MP: 8/8
  5956 | D:7      | Reached skill level 9 in Long Blades
  6357 | D:7      | Found a shattered altar of Ashenzari.
  7318 | D:8      | Noticed a two-headed ogre
  7328 | D:8      | Killed a two-headed ogre
  7328 | D:8      | Reached ** piety under Okawaru
  8115 | D:8      | Reached skill level 10 in Long Blades
  8120 | D:8      | Found a viscous altar of Jiyva.
  8225 | D:8      | Found a runed translucent door.
  8225 | D:8      | Identified the +6 trident "Beetlebane" {venom, Str+5}
  8230 | D:8      | Noticed Peloso's ghost (novice MiFi)
  8654 | D:9      | Noticed a two-headed ogre
  8663 | D:9      | Killed a two-headed ogre
  8663 | D:9      | Reached *** piety under Okawaru
  8663 | D:9      | Reached XP level 10. HP: 75/88 MP: 9/9
  8860 | D:9      | Found a staircase to the Orcish Mines.
  8880 | D:9      | Reached skill level 10 in Shields
  9435 | D:10     | Entered Level 10 of the Dungeon
  9482 | D:10     | Noticed a gargoyle
  9503 | D:10     | Killed a gargoyle
  9637 | D:10     | Reached **** piety under Okawaru
  9700 | D:10     | Received a gift from Okawaru
  9703 | D:10     | Noticed a two-headed ogre
  9716 | D:10     | Killed a two-headed ogre
  9716 | D:10     | Reached skill level 11 in Long Blades
  9716 | D:10     | Reached skill level 1 in Invocations
 10270 | D:10     | HP: 4/90 [something (7)]
 10289 | D:10     | Slain by an unseen horror

Levels and vault maps discovered:
D:1:      dpeg_arrival_water_altar, layout_loops_corners
D:2:      layout_basic, lemuel_round_altar, grunt_qazlal_clouds
D:3:      layout_basic, nicolae_ru_path_of_blood, first_ration,
          gammafunk_ghost_cemetery
D:4:      layout_basic, serial_shops, kennysheep_little_box, shop, shop,
          nicolae_gozag_cash_rules_everything_around_me, uniq_grinder
D:5:      layout_cave_pools, grunt_temple_overflow_diamond,
          gammafunk_ghost_mausoleum, basic_altar,
          lightli_ossuary_entry_decrepit_ruins, minmay_liquid_box,
          uniq_prince_ribbit1
D:6:      layout_basic, minmay_temple_entry_mini_moons, uniq_edmund
D:7:      layout_basic, nicolae_overflow_crystal_walls
D:8:      layout_basic, ebering_ghost_funeral_grove,
          hangedman_little_slice_of_home
D:9:      layout_roguey, david_orc_2, hangedman_decor_riveting,
          hangedman_decor_opposing
D:10:     layout_long_grid, hangedman_minor_magic
Temple:   eino_temple_scatter_basement

Skill      XL: |  1  2  3  4  5  6  7  8  9 10 |
---------------+-------------------------------+-----
Fighting       | 4 5 6 7 8 |  8.9
Shields        | 4 5 6 8 9 10 | 10.9
Long Blades    | 3 4 5 6 8 10 11 | 11.3
Armour         | 4 5 6 8 9 |  9.4
Dodging        | 1 2 |  2.5
Invocations    | 1 |  1.0
Stealth        | |  0.6
Evocations     | |  0.9

Action                   |  1- 3 |  4- 6 |  7- 9 | 10-12 || total
-------------------------+-------+-------+-------+-------++-------
Melee: Long sword        |    99 |    69 |   339 |    95 ||   602
       Headbutt          |    10 |    14 |    79 |    47 ||   150
       Falchion          |       |       |       |   103 ||   103
Invok: Heroism           |       |       |     3 |     6 ||     9
Evoke: Wand              |       |     1 |     8 |       ||     9
  Use: Potion            |     3 |     3 |     1 |     4 ||    11
       Scroll            |       |     7 |     2 |     1 ||    10
  Eat: Chunk             |     1 |     7 |    18 |     6 ||    32
       Ration            |       |     1 |       |       ||     1
Armor: Scale mail        |    45 |     8 |       |       ||    53
       Skin              |     6 |       |       |       ||     6
       Chain mail        |       |    36 |    17 |       ||    53
       Plate armour      |       |       |   121 |   133 ||   254
Dodge: Dodged            |    25 |    13 |    64 |    50 ||   152
Block: Shield            |    59 |    32 |   198 |   117 ||   406
       Rpst.: Long sword |     6 |     1 |    15 |     5 ||    27
       Falchion          |       |       |       |     3 ||     3
